 Dungeon Crawl Stone Soup version 0.19.1-1-g22dce08 (webtiles) character file.

553 Lennu the Insei (level 7, -7/35 HPs)
             Began as a Vine Stalker Transmuter on Jan 5, 2017.
             Mangled by a slave (9 damage)
             ... led by Pikel
             ... on level 4 of the Dungeon.
             The game lasted 00:19:39 (3685 turns).

Lennu the Insei (Vine Stalker Transmuter)           Turns: 3685, Time: 00:19:43

Health: -7/35      AC:  6    Str: 14    XL:     7   Next: 29%
Magic:  0/13       EV: 13    Int: 13    God:
Gold:   172        SH:  0    Dex: 15    Spells: 1 memorised, 11 levels left

rFire  + . .     SeeInvis .       - Unarmed
rCold  . . .     Gourm    .     x - +2 robe {rF+}
rNeg   . . .     Faith    .     (no shield)
rPois  .         Spirit   +     o - +1 helmet
rElec  .         Reflect  .     (no cloak)
rCorr  .         Harm     .     (no gloves)
MR     .....                    (boots currently unavailable)
Stlth  ++........               (no amulet)
                                (no ring)
                                (no ring)

@: appendage, very slightly contaminated
A: fangs 2, talons 3, regeneration 1, magic shield, antimagic bite, no device
heal 3, rot immunity
a: End Transformation


You were on level 4 of the Dungeon.
You were not hungry.
You had grown temporary talons.
You visited 1 branch of the dungeon, and saw 4 of its levels.

You collected 172 gold pieces.

Inventory:

Missiles
 m - 38 arrows
Armour
 e - a +0 ring mail
 o - a +1 helmet (worn)
 x - a +2 robe of fire resistance (worn)
Wands
 y - a wand of paralysis (10/24)
Scrolls
 a - a scroll of amnesia
 g - 7 scrolls of remove curse
 i - 9 scrolls of identify {unknown}
 n - a scroll of magic mapping {unknown}
 r - a scroll of enchant weapon {unknown}
 v - a scroll of random uselessness {unknown}
 w - 2 scrolls of enchant armour {unknown}
Potions
 b - a potion of mutation {unknown}
 h - 2 potions of might {unknown}
 k - a potion of ambrosia {unknown}
 l - 2 potions of resistance {unknown}
 p - 3 potions of curing
 q - 4 potions of agility {unknown}
 s - 3 potions of flight {unknown}
 t - a potion of berserk rage {unknown}
 z - a potion of heal wounds {unknown}
 A - a potion of haste {unknown}
 B - a potion of beneficial mutation {unknown}
Books
 c - a book of Changes

   Spells                             Type                      Level
   a - Beastly Appendage              Transmutation                1
   b - Sticks to Snakes               Transmutation                2
   c - Spider Form                    Transmutation/Poison         3
   d - Ice Form                       Ice/Transmutation            4
   e - Blade Hands                    Transmutation                5
 u - a book of Callings

   Spells                             Type                      Level
   a - Summon Small Mammal            Summoning                    1
   b - Call Imp                       Summoning                    2
   c - Call Canine Familiar           Summoning                    3
   d - Summon Guardian Golem          Hexes/Summoning              3
   e - Summon Lightning Spire         Summoning/Air                4
   f - Summon Ice Beast               Ice/Summoning                4
Comestibles
 d - 3 bread rations
 f - 4 chunks of flesh
 j - 4 meat rations
 C - a royal jelly


   Skills:
 * Level 2.0 Fighting
 * Level 2.0 Armour
 * Level 2.6 Dodging
 + Level 0.3 Stealth
 * Level 5.5 Unarmed Combat
 * Level 3.3 Spellcasting
 * Level 3.3 Transmutations


You had 11 spell levels left.
You knew the following spells:

 Your Spells              Type           Power        Failure   Level  Hunger
a - Beastly Appendage     Tmut           ##....       8%          1    #......


Dungeon Overview and Level Annotations

Branches:
Dungeon (4/15)
 Temple: D:4-7

Altars:
Gozag
Qazlal
Sif Muna

Annotations:
D:4 Pikel


Innate Abilities, Weirdness & Mutations

You have extremely sharp teeth.
Your natural rate of healing is unusually fast.
When hurt, damage is shared between your health and your magic reserves.
Your bite disrupts and absorbs the magic of your enemies.
Potions and wands cannot restore your health.
You are immune to rotting.
You have claws for feet.


Message History

The slave hits you.
* * * LOW HITPOINT WARNING * * *
Pikel completely misses you. The slave hits you but does no damage.
You hit Pikel. Your bite misses Pikel.
Pikel is moderately wounded.
The slave barely misses you. The slave closely misses you.
Pikel hits you with a whip of flaming!
* * * LOW HITPOINT WARNING * * *
The slave barely misses you.
You closely miss Pikel. You claw Pikel, but do no damage.
Your bite misses Pikel.
Pikel is moderately wounded.
The slave closely misses you. x2
You completely miss Pikel.
Pikel is moderately wounded.
Pikel says, "You'll feel the lick of my whip!"
Pikel hits you with a whip of flaming.
* * * LOW HITPOINT WARNING * * *
The slave hits you!
You die...

.........# #.#
.........# ##.######.#
.........# #..p......#
.........###.p###.....
...>..........# .####
.........###.## .#
..........##.# .#
####.####.##(####K######
#. #.##..pp@....... #.
#......pp.######
#########.# ##


You could see Pikel and 4 slaves.

Vanquished Creatures
  Sigmund (D:3)
  A hound (D:4)
  An orc wizard (D:4)
  2 orc priests (D:4)
  Ijyb (D:3)
  A worker ant (D:4)
  Robin (D:2)
  A gnoll (D:1)
  A howler monkey skeleton (D:4)
  8 adders
  4 worms
  4 dart slugs
  A leopard gecko (D:1)
  7 orcs (D:4)
  A giant cockroach (D:1)
  4 hobgoblins
  4 jackals
  8 kobolds
  A quokka (D:2)
  4 ball pythons
  6 bats
  2 frilled lizards (D:1)
  23 goblins
  9 rats
96 creatures vanquished.

Notes
Turn   | Place    | Note
-------+----------+-------------------------------------------
     0 | D:1      | Lennu the Vine Stalker Transmuter began the quest for the Orb.
     0 | D:1      | Reached XP level 1. HP: 9/9 MP: 4/4
   424 | D:1      | Reached XP level 2. HP: 11/14 MP: 6/6
   517 | D:1      | Reached skill level 1 in Fighting
   732 | D:1      | Reached XP level 3. HP: 18/18 MP: 7/7
  1268 | D:2      | Gained mutation: Your natural rate of healing is unusually fast. [Vine Stalker growth]
  1268 | D:2      | Reached XP level 4. HP: 12/22 MP: 4/8
  1312 | D:2      | Noticed Robin
  1331 | D:2      | Killed Robin
  1392 | D:2      | Reached skill level 4 in Unarmed Combat
  1476 | D:2      | Found a stormy altar of Qazlal.
  1497 | D:2      | Reached skill level 1 in Armour
  1564 | D:2      | Reached XP level 5. HP: 25/25 MP: 8/10
  2100 | D:3      | Noticed Sigmund
  2125 | D:3      | Killed Sigmund
  2125 | D:3      | Reached XP level 6. HP: 29/30 MP: 9/11
  2217 | D:3      | Found a deep blue altar of Sif Muna.
  2548 | D:3      | Noticed Ijyb
  2559 | D:3      | Killed Ijyb
  2563 | D:3      | Reached skill level 5 in Unarmed Combat
  3159 | D:4      | Reached XP level 7. HP: 13/34 MP: 12/12
  3288 | D:4      | Found an opulent altar of Gozag.
  3677 | D:4      | Noticed Pikel
  3685 | D:4      | Mangled by a slave

Skill      XL: |  1  2  3  4  5  6  7 |
---------------+----------------------+-----
Fighting       | 1 2 |  2.0
Unarmed Combat | 4 5 |  5.5
Dodging        | 2 |  2.6
Armour         | 1 2 |  2.0
Spellcasting   | 3 |  3.3
Transmutations | 3 |  3.3
Stealth        | |  0.3

Action                   |  1- 3 |  4- 6 |  7- 9 || total
-------------------------+-------+-------+-------++-------
Melee: Unarmed           |   118 |   185 |    62 ||   365
       Bite              |    22 |    42 |    17 ||    81
       Headbutt          |     7 |     2 |       ||     9
       Kick              |       |    34 |    21 ||    55
       Punch             |       |     3 |     2 ||     5
 Cast: Beastly Appendage |    10 |    17 |     8 ||    35
  Use: Scroll            |       |     2 |       ||     2
  Eat: Chunk             |     1 |     6 |     1 ||     8
       Royal jelly       |       |     1 |       ||     1
Armor: Ring mail         |    34 |    47 |       ||    81
       Robe              |     2 |    15 |    12 ||    29
Dodge: Dodged            |    63 |   121 |    36 ||   220
